cohdb
Replays
Latest Replays
All Replays
Popular Replays
Top Player Replays
Match Explorer
How It Works
Community
CoH3 Stats
Reddit
Sign in to upload your games and track your stats! →
Sign in with Steam
Match 43299139
Unlisted
Match 43299139
Overview
Messages
Build Orders
End
Panzergrenadier Squad
250 Light Carrier
Selects Italian Infantry
Construct Light Support Kompanie
MG34 Team
Panzerjäger Squad
Fire Support Elements
le.IG 18 Support Gun Team
Pak 38 Anti-tank Gun Team
Selects Guastatori Squad
Selects Registered Artillery
Guastatori Squad
Flakvierling Half-track
Guastatori Squad
Nukepapa
欧金金斯库一
Timoooooh
Sarmynation
0
0
Comments
sign in to comment!
No comments posted yet!